 Dungeon Crawl Stone Soup version 0.17-b1-25-g6d8775f (webtiles) character file.

30 Gadeon the Charmwright (level 3, -6/24 HPs)
             Began as a High Elf Skald on Nov 5, 2015.
             Mangled by a worm (10 damage)
             ... on level 2 of the Dungeon.
             The game lasted 00:10:34 (1134 turns).

Gadeon the Charmwright (High Elf Skald)             Turns: 1134, Time: 00:10:35

Health: -6/24      AC:  3    Str: 11    XL:     3   Next: 3%
Magic:  4/8        EV: 11    Int: 17    God:
Gold:   42         SH:  0    Dex: 14    Spells: 2 memorised, 4 levels left

rFire  . . .     SeeInvis .     a - +0 short sword
rCold  . . .     Clarity  .     b - +0 leather armour
rNeg   . . .     SustAt   .     (no shield)
rPois  .         Gourm    .     (no helmet)
rElec  .         Spirit   .     (no cloak)
rCorr  .         Warding  .     (no gloves)
rMut   .         Stasis   .     (no boots)
MR     .....                    (no amulet)
Stlth  +.........               (no ring)
                                (no ring)

@: singing, not resistant to hostile enchantments, very unstealthy
A: no striking features
a: Stop Singing


You were on level 2 of the Dungeon.
You were hungry.

You visited 1 branch of the dungeon, and saw 2 of its levels.

You collected 42 gold pieces.

Inventory:

Hand Weapons
 a - a +0 short sword (weapon)
 i - a +0 club
 n - a +0 dagger
 u - a +0 dagger
 w - a +0 club
Missiles
 q - 26 stones (quivered)
 t - 10 sling bullets of flame
Armour
 b - a +0 leather armour (worn)
 f - a cursed +0 buckler
 p - a +0 ring mail
 v - a +0 chain mail
Scrolls
 e - a scroll of noise {unknown}
 g - 2 scrolls of identify {unknown}
 k - 2 scrolls of teleportation {unknown}
 l - a scroll of fear {unknown}
 m - a scroll of recharging {unknown}
Potions
 o - a potion of degeneration {unknown}
 r - a potion of heal wounds {unknown}
Books
 c - a book of Battle

   Spells                             Type                      Level
   a - Infusion                       Charms                       1
   b - Shroud of Golubria             Charms/Translocation         2
   c - Song of Slaying                Charms                       2
   d - Spectral Weapon                Hexes/Charms                 3
   e - Regeneration                   Charms/Necromancy            3
Comestibles
 d - a bread ration
 h - a beef jerky
 j - 13 fruits
 s - a meat ration


   Skills:
 + Level 2.0 Fighting
 + Level 2.9 Short Blades
 + Level 1.1 Armour
 + Level 1.2 Dodging
 + Level 2.8 Spellcasting
 + Level 4.2 Charms


You had 4 spell levels left.
You knew the following spells:

 Your Spells              Type           Power        Failure   Level  Hunger
a - Infusion              Chrm           ###...       6%          1    #......
b - Song of Slaying       Chrm           ###.....     10%         2    ##.....


Dungeon Overview and Level Annotations

Branches:
Dungeon (2/15)

Altars:


Message History

Your experience leads to an increase in your attributes!
Increase (S)trength, (I)ntelligence, or (D)exterity?
You feel clever. x2
Casting: Song of Slaying
Confirm with . or Enter, or press ? or * to list all spells.
You start a new song!
You hit the worm but do no damage. You hit the worm.
The worm is heavily wounded.
The worm bites you but does no damage.
Your leather armour prevents you from hitting the worm.
The worm is moderately wounded.
The worm bites you!
* * * LOW HITPOINT WARNING * * *
You hit the worm.
The worm is heavily wounded.
You hit the worm.
The worm is severely wounded.
The worm bites you!
You die...

...........#
...........#
...........###
......?...... ..
...........########..
...............#...##
......†.............#
......w@............#
..................#.#
...........#'#....#.#.##
........................
.###########.#....#.###.
...##..<# # ........#.#
......###.#... ......
#.###..


You could see a worm.

Vanquished Creatures
  3 giant geckos
  2 bats (D:1)
  4 hobgoblins
  8 jackals (D:1)
  2 giant newts (D:1)
  6 rats (D:1)
25 creatures vanquished.

Vanquished Creatures (others)
  4 toadstools (D:1)
4 creatures vanquished.

Grand Total: 29 creatures vanquished

Notes
Turn   | Place    | Note
--------------------------------------------------------------
     0 | D:1      | Gadeon the High Elf Skald began the quest for the Orb.
     0 | D:1      | Reached XP level 1. HP: 14/14 MP: 4/4
   389 | D:1      | Reached skill level 1 in Armour
   436 | D:1      | Reached XP level 2. HP: 19/19 MP: 6/6
   443 | D:1      | Learned a level 2 spell: Song of Slaying
   457 | D:1      | Reached skill level 4 in Charms
  1128 | D:2      | Reached XP level 3. HP: 12/24 MP: 5/8
  1134 | D:2      | Mangled by a worm

Action                   || total
-------------------------++-------
Melee: Short sword       ||    85
Throw: Stone             ||     3
 Cast: Song of Slaying   ||     3
